 Dungeon Crawl Stone Soup version 0.24-a0-513-g284f782df5 (webtiles) character file.

Game seed: 10687776151939965059

70 Azzok the Firebug (level 4, 26/30 HPs)
             Began as a Demonspawn Fire Elementalist on July 20, 2019.
             Quit the game on level 2 of the Dungeon.
             The game lasted 00:02:21 (2173 turns).

Azzok the Firebug (Demonspawn Fire Elementalist)    Turns: 2173, Time: 00:02:21

Health: 26/30      AC:  2    Str:  8    XL:     4   Next: 3%
Magic:  3/8        EV: 12    Int: 17    God:
Gold:   141        SH:  0    Dex: 14    Spells: 4/8 levels left

rFire    + . .     SeeInvis .   b - +0 club
rCold    . . .     Gourm    .   (no shield)
rNeg     . . .     Faith    .   a - +0 robe
rPois    .         Spirit   .   (no helmet)
rElec    .         Reflect  .   (no cloak)
rCorr    .         Harm     .   (no gloves)
MR       .....                  (no boots)
Stlth    ++........             o - amulet of magic regeneration
HPRegen  0.10/turn              (no ring)
MPRegen  0.36/turn              (no ring)

@: mildly poisoned (26 -> 22), very slightly contaminated
A: claws 1, fire resistance 1
a: no special abilities


You were on level 2 of the Dungeon.
You were not hungry.

You visited 1 branch of the dungeon, and saw 2 of its levels.

You collected 141 gold pieces.

Inventory:

Hand Weapons
 b - a +0 club (weapon)
Armour
 a - a +0 robe (worn)
Jewellery
 o - an amulet of magic regeneration (around neck)
Scrolls
 e - 7 scrolls of identify {unknown}
 f - 3 scrolls of remove curse {unknown}
 h - a scroll of immolation {unknown}
 i - 3 scrolls of amnesia {unknown}
 j - 2 scrolls of enchant armour {unknown}
 l - a scroll of teleportation {unknown}
 m - a scroll of fear {unknown}
 n - a scroll of noise {unknown}
Potions
 g - a potion of heal wounds {unknown}
 k - a potion of agility {unknown}
 p - a potion of might {unknown}
 q - a potion of brilliance {unknown}
Comestibles
 c - a ration
 d - a chunk of flesh


   Skills:
 - Level 1.7 Dodging
 - Level 1.7 Stealth
 + Level 2.8 Spellcasting
 + Level 2.3 Conjurations
 + Level 3.4 Fire Magic


You had 4 spell levels left.
You knew the following spells:

 Your Spells              Type           Power        Failure   Level  Hunger
a - Flame Tongue          Conj/Fire      ##...        5%          1    #......
b - Conjure Flame         Conj/Fire      ##......     17%         3    ###....

Your spell library contained the following spells:

 Spells                   Type           Power        Failure   Level  Hunger
 Throw Flame              Conj/Fire      ##....       9%          2    ##.....
 Inner Flame              Hex/Fire       #.......     26%         3    ###....
 Sticky Flame             Conj/Fire      ##......     50%         4    #####..
 Fireball                 Conj/Fire      ##........   83%         5    ######.


Dungeon Overview and Level Annotations

Branches:
Dungeon (2/15)

Altars:
Nemelex Xobeh

Annotations:
D:2 exclusion: centaur


Innate Abilities, Weirdness & Mutations

You have sharp fingernails.
Your flesh is heat resistant. (rF+)


Message History

Aiming: Flame Tongue (safe; 6% risk of failure)
Press: ? - help, Shift-Dir - straight line, f/p - adder
Aim: an adder (severely wounded)
The flame tongue misses the adder.
The flame tongue hits the rat!
You kill the rat!
The adder closely misses you. The adder bites you.
You are poisoned.
The adder poisons you!
Casting: Flame Tongue (safe; 6% risk of failure)
Confirm with . or Enter, or press ? or * to list all spells.
Aiming: Flame Tongue (safe; 6% risk of failure)
Press: ? - help, Shift-Dir - straight line, f/p - adder
Aim: an adder (severely wounded)
The flame tongue hits the adder.
You kill the adder!
You have reached level 4!
You feel agile.
Your demonic ancestry asserts itself...
You feel resistant to heat.
You feel sick.
Are you sure you want to abandon this character and quit the game? (Confirm with "yes".)

····· ▒············
···▒ ▒··········▒
···▒ ▒··········▒▒▒
···▒ ▒·····†···<··▒
··▒ ▒·······)··▒▒▒
··▒ ▒b·········▒ ··▒
▒▒▒▒▒▒▒▒▒▒†▒
·▒▒▒▒▒▒▒▒▒▒▒▒▒▒▒·▒▒▒
················@··▒
▒▒▒▒▒▒▒▒▒▒▒▒·▒▒··▒·▒
▒·······▒·····▒·▒
▒·······▒▒▒▒▒·▒ ·
▒·············▒▒▒▒
▒·······▒········
▒·······▒····▒▒▒·▒
▒▒▒▒·▒▒▒▒········▒
▒▒ ▒··÷▒▒▒····▒▒▒▒


There were no monsters in sight!

Vanquished Creatures
  3 adders (D:2)
  A worm (D:2)
  A leopard gecko (D:1)
  2 giant cockroaches (D:1)
  8 hobgoblins
  4 kobolds (D:1)
  A quokka (D:2)
  A ball python (D:1)
  2 bats (D:1)
  3 frilled lizards (D:2)
  7 goblins
  5 rats
38 creatures vanquished.

Notes
Turn   | Place    | Note
-------+----------+-------------------------------------------
     0 | D:1      | Azzok the Demonspawn Fire Elementalist began the quest for
                  | the Orb.
     0 | D:1      | Reached XP level 1. HP: 13/13 MP: 3/3
   174 | D:1      | Gained mutation: You have sharp fingernails. [demonic
                  | ancestry]
   174 | D:1      | Reached XP level 2. HP: 11/19 MP: 1/5
   688 | D:1      | Reached skill level 3 in Fire Magic
   889 | D:1      | Found a sparkling altar of Nemelex Xobeh.
  1246 | D:1      | Reached XP level 3. HP: 24/24 MP: 4/6
  1251 | D:1      | Learned a level 3 spell: Conjure Flame
  2041 | D:2      | Noticed a centaur
  2172 | D:2      | Gained mutation: Your flesh is heat resistant. (rF+)
                  | [demonic ancestry]
  2172 | D:2      | Reached XP level 4. HP: 27/30 MP: 3/8
  2173 | D:2      | Quit the game

Levels and vault maps discovered:
D:1:      dpeg_arrival_shelter, layout_loops_cross,
          nemelex_xobeh_ov_fountains_minmay
D:2:      layout_basic

Skill      XL: |  1  2  3 |
---------------+----------+-----
Fire Magic     | 3 |  3.4
Conjurations   | 2 |  2.3
Dodging        | |  1.7
Stealth        | |  1.7
Spellcasting   | |  2.8

Action                   |  1- 3 |  4- 6 || total
-------------------------+-------+-------++-------
Melee: Club              |    32 |       ||    32
 Cast: Flame Tongue      |    61 |     1 ||    62
 Stab: Sleeping          |     2 |       ||     2
  Eat: Chunk             |     4 |       ||     4
Armor: Robe              |    11 |       ||    11
Dodge: Dodged            |    39 |       ||    39

Table legend:
 A = Non-vault XP
 B = Vault XP
 C = Vault XP percentage of total XP
 D = Non-vault monster count
 E = Vault monster count
 F = Vault count percentage of total count
                 A         B        C        D         E       F
            +---------+---------+-------+---------+---------+-------
      Total |     100 |       0 |   0.0 |      38 |       0 |   0.0
            +---------+---------+-------+---------+---------+-------
        D:1 |      41 |       0 |   0.0 |      24 |       0 |   0.0
        D:2 |      59 |       0 |   0.0 |      14 |       0 |   0.0
            +---------+---------+-------+---------+---------+-------
